 Dungeon Crawl Stone Soup version 0.30.1-10-g1249ef9ec4 (webtiles) character file.

Game seed: 1353223652503099965

53 KittyFluff the Trooper (level 3, -2/24 HPs)
             Began as a Gargoyle Berserker on Oct 26, 2023.
             Was a Believer of Trog.
             Slain by a goblin
             ... wielding a +0 club
             ... led by Robin
              (4 damage)
             ... on level 2 of the Dungeon.
             The game lasted 00:03:36 (876 turns).

KittyFluff the Trooper (Gargoyle Berserker)          Turns: 876, Time: 00:03:37

Health: -2/24      AC:  7    Str: 22    XL:     3   Next: 87%
Magic:  3/3        EV: 16    Int:  7    God:    Trog [**....]
Gold:   93         SH:  0    Dex:  9    Spells: 2/2 levels left

rFire   . . .        a - +0 mace
rCold   . . .        (no shield)
rNeg    + . .        d - +0 leather armour
rPois   ∞            (no helmet)
rElec   +            e - +0 cloak
rCorr   .            (no gloves)
SInv    .            (no boots)
Will    .....        (no amulet)
Stlth   +            b - +5 ring of evasion
HPRegen 0.24/turn    (no ring)
MPRegen 0.08/turn

%: no passive effects
@: no status effects
A: sickness immunity, AC +3, negative energy resistance 1, electricity
resistance, torment resistance 1, petrification resistance
a: Renounce Religion, Berserk, Trog's Hand


You were on level 2 of the Dungeon.
You worshipped Trog.
Trog was pleased with you.
You visited 1 branch of the dungeon, and saw 2 of its levels.

You collected 93 gold pieces.

Inventory:

Hand Weapons
 a - a +0 mace (weapon)
Armour
 d - a +0 leather armour (worn)
 e - a +0 cloak (worn)
Jewellery
 b - a +5 ring of evasion (left hand)
Potions
 c - a potion of curing {unknown}
 f - a potion of magic {unknown}


   Skills:
 + Level 3.7 Fighting
 * Level 3.5 Maces & Flails
 * Level 3.0 Armour
 + Level 2.0 Dodging


You had 2 spell levels left.
You didn't know any spells.
Your spell library was empty.

Dungeon Overview and Level Annotations

Branches:
Dungeon (2/15)

Altars:


Innate Abilities, Weirdness & Mutations

You are immune to sickness and miasma.
Your stone body is resilient. (AC +3)
You are immune to poison.
You resist negative energy. (rN+)
You are resistant to electric shocks. (rElec)
You are resistant to unholy torment.
You are immune to petrification.


Message History

You hit Robin.
Robin is heavily wounded.
The goblin closely misses you. The goblin misses you.
Robin says, "A pitiful Gargoyle like you will never find the ORB!"
Robin barely misses you.
You hit Robin but do no damage.
Robin is heavily wounded.
The goblin hits you with a +0 club. Robin closely misses you.
The goblin closely misses you.
You barely miss Robin.
Robin is heavily wounded.
Robin hits you but does no damage. The goblin hits you with a +0 club.
The goblin completely misses you. Robin hits you but does no damage.
The goblin hits you but does no damage. x2
You hit Robin.
Robin is severely wounded.
Robin hits you with a +0 short sword. The goblin hits you but does no damage.
The goblin hits you with a +0 dagger.
You closely miss Robin.
Robin is severely wounded.
The goblin hits you with a +0 club.
* * * LOW HITPOINT WARNING * * *
Robin hits you but does no damage. The goblin completely misses you.
You hit Robin but do no damage.
Robin is severely wounded.
Robin barely misses you. The goblin closely misses you.
The goblin barely misses you.
You sock Robin!
You kill Robin!
Trog accepts your kill. The goblin barely misses you. x2
Your Armour skill increases to level 3!
You completely miss the goblin. The goblin closely misses you. x2
The goblin hits you but does no damage. x2
You closely miss the goblin. The goblin hits you with a +0 dagger.
* * * LOW HITPOINT WARNING * * *
The goblin misses you.
You barely miss the goblin. The goblin barely misses you.
The goblin hits you with a +0 club.
You die...

..g# . gg.# ##' S.. #...
g. #.^.#####.#
#.........#
#........##########
#.......)##.......#
#.......)@g.......#
#.......##g.......#
##########........######
#....[...)....#
##.......####g#
#...<.....##.#
.###....####.##g#
..............#.#
###..........##.#


You could see 2 goblins.

Vanquished Creatures
  Robin (D:2)
  2 dart slugs
  4 bats (D:1)
  5 endoplasms
  10 goblins
  3 hobgoblins (D:1)
  A jackal (D:1)
  A quokka (D:1)
  3 ball pythons (D:1)
  A frilled lizard (D:1)
  2 kobolds (D:1)
  A rat (D:1)
34 creatures vanquished.

Notes
Turn   | Place    | Note
-------+----------+-------------------------------------------
     0 | D:1      | KittyFluff the Gargoyle Berserker began the quest for the
                  | Orb.
     0 | D:1      | Reached XP level 1. HP: 14/14 MP: 1/1
   207 | D:1      | Reached XP level 2. HP: 18/19 MP: 2/2
   588 | D:1      | Reached XP level 3. HP: 23/23 MP: 3/3
   702 | D:2      | Noticed Robin
   852 | D:2      | Reached ** piety under Trog
   873 | D:2      | Killed Robin
   876 | D:2      | Slain by a goblin

Illustrated notes

Levels and vault maps discovered:
D:1:      giann_wishing_wells, layout_basic, st_stairs_1
D:2:      layout_basic, minmay_misc_feat_room, kennysheep_generic_room_10,
          uniq_robin

Skill      XL: |  1  2  3 |
---------------+----------+-----
Dodging        | 2 |  2.0
Armour         | 3 |  3.0
Fighting       | |  3.7
Maces & Flails | |  3.5

Action                     || total
---------------------------++-------
  Melee: Mace              ||   123
 Armour: Animal skin       ||     9
         Leather armour    ||    50
  Dodge: Dodged            ||   134
